 Dungeon Crawl Stone Soup version 0.31.0-11-ge490571c62 (webtiles) character file.

Game seed: 9467330230418590812

49 hawla the Conjurer (level 3, -6/30 HPs)
             Began as a Deep Elf Conjurer on Feb 4, 2024.
             Mangled by a kobold
             ... wielding a +0 trident
              (8 damage)
             ... on level 2 of the Dungeon.
             The game lasted 00:03:23 (1548 turns).

hawla the Conjurer (Deep Elf Conjurer)              Turns: 1548, Time: 00:03:25

Health: -6/30      AC:  2    Str:  4    XL:     3   Next: 53%
Magic:  9/9        EV: 12    Int: 24    God:
Gold:   58         SH:  0    Dex: 13    Spells: 5/8 levels left

rFire   . . .        (no weapon)
rCold   . . .        (no shield)
rNeg    . . .        a - +0 robe
rPois   .            (no helmet)
rElec   .            (no cloak)
rCorr   .            (no gloves)
SInv    .            (no boots)
Will    .....        (no amulet) Stlth
                     (no ring)
HPRegen 0.25/turn    (no ring)
MPRegen 0.11/turn

%: no passive effects
@: berserking, lethally poisoned (-6 -> -8), very quick
A: no striking features
a: no special abilities


You were on level 2 of the Dungeon.
You visited 1 branch of the dungeon, and saw 2 of its levels.

You collected 58 gold pieces.

Inventory:

Armour
 a - a +0 robe (worn)
Potions
 b - a potion of magic
 c - a potion of berserk rage
 g - a potion of enlightenment {unknown}
 h - a potion of attraction {unknown}


   Skills:
 + Level 0.4 Fighting
 + Level 0.8 Staves
 + Level 2.8 Dodging
 + Level 2.7 Stealth
 + Level 0.3 Shields
 + Level 3.3 Spellcasting
 + Level 4.5 Conjurations
 + Level 0.7 Translocations
 + Level 0.8 Evocations
 + Level 0.7 Shapeshifting


You had 5 spell levels left.
You knew the following spells:

 Your Spells              Type           Power      Damage    Failure   Level
a - Magic Dart            Conj           100%       1d8       1%          1
b - Searing Ray           Conj           50%        2d6       2%          2

Your spell library contained the following spells:

 Spells                   Type           Power      Damage    Failure   Level
 Iskenderun's Mystic Bla  Conj/Tloc      16%        2d5       34%         4
 Fulminant Prism          Conj/Alch      7%         3d7       38%         4


Dungeon Overview and Level Annotations

Branches:
Dungeon (2/15)

Altars:

Annotations:
D:2 Robin


Message History

The kobold closely misses you.
Robin roars a battlecry!
The goblins go into a battle-frenzy!
As you read the scroll labelled ANUTWA VOSIF, it crumbles to dust.
It is a scroll of enchant weapon.
You aren't carrying any weapons that can be enchanted.
The adder bites you. The kobold closely misses you.
The goblin barely misses you.
As you read the scroll labelled LILLAA MIAREZ, it crumbles to dust.
It is a scroll of amnesia.
Okay, then.
The endoplasm quivers.
The adder bites you but does no damage. The kobold completely misses you.
A rat comes into view.
Found a sapphire potion and 15 gold pieces.
The adder bites you. x2
You are poisoned.
The adder poisons you! The kobold closely misses you. The rat misses you.
You aren't carrying any scrolls.
It was a potion of berserk rage.
A red film seems to cover your vision as you go berserk!
You feel yourself moving faster!
You feel mighty!
You feel sick.
The adder hisses angrily.
The adder closely misses you. The goblin hits you with a +0 club.
The kobold hits you from afar with a +0 trident.
The rat bites you.
You barely miss the adder. The adder closely misses you.
The adder bites you but does no damage.
You miss the adder.
You feel sick. The goblin barely misses you. The rat bites you.
* * * LOW HITPOINT WARNING * * *
The kobold hits you from afar with a +0 trident.
* * * LOW HITPOINT WARNING * * *
The frilled lizard barely misses you. The adder closely misses you. x2
Unknown command.
You barely miss the adder.
You feel sick. The adder bites you.
* * * LOW HITPOINT WARNING * * *
The adder barely misses you. The rat closely misses you.
The kobold hits you from afar with a +0 trident!
You die...

####....#.....#..........
# ########.....)....g...
# #.........g.g.. ######
##.##....ggg... #...#
#..#..§§g...?[ #...#
##..§§g§§§.... #...####
#..§§ggg..... #......
#######g######
##...####.#...§§@S§§....#
##........#..§.lSrK.....#
..........#..§§§J.§§....#
.##.....###......⌠......#
.##.#...# #...!~r.~~....#
.##.#...# #....~.?.~....#
....#...###...⌠..⌠..⌠...#
.####...#.#..$.~.!.~....
.###......#


You could see 2 adders, an endoplasm, 3 goblins, a kobold, a frilled lizard and
2 rats.

Vanquished Creatures
  An adder (D:2)
  2 dart slugs (D:1)
  6 bats (D:1)
  2 endoplasms (D:1)
  2 giant cockroaches (D:1)
  5 goblins (D:1)
  3 hobgoblins
  A quokka (D:1)
  5 ball pythons (D:1)
  2 frilled lizards (D:1)
  2 kobolds (D:1)
  3 rats (D:1)
34 creatures vanquished.

Notes
Turn   | Place    | Note
-------+----------+-------------------------------------------
     0 | D:1      | hawla the Deep Elf Conjurer began the quest for the Orb.
     0 | D:1      | Reached XP level 1. HP: 10/10 MP: 6/6
   240 | D:1      | Reached XP level 2. HP: 15/15 MP: 5/8
   336 | D:1      | Learned a level 2 spell: Searing Ray
   855 | D:1      | Reached XP level 3. HP: 20/20 MP: 2/9
  1540 | D:2      | Noticed Robin
  1548 | D:2      | Mangled by a kobold

Illustrated notes

Levels and vault maps discovered:
D:1:      dpeg_arrival_morbid_curiosity, layout_basic
D:2:      layout_rooms, kennysheep_generic_room_2, uniq_robin

Action                     || total
---------------------------++-------
  Melee: Unarmed           ||     3
   Cast: Magic Dart        ||    47
         Searing Ray       ||     9
    Use: Scroll            ||     3
         Potion            ||     1
 Armour: Robe              ||    22
  Dodge: Dodged            ||    24
